TOP OF THE 1ST |
Tennessee Volunteers batting - Pitching for Michigan State Spartans : RHP Brad Clay
|
Pitching: RHP Brad Clay
|
|
Batting: RHB Danny Scott
|
0-0: Ball 1-0: SOLO HOME RUN (Line Drive, 78XD), Distance : 372 ft
|
Batting: LHB Tony Beck
|
0-0: Ball 1-0: Called Strike 1-1: Foul Ball, location: 2F 1-2: Ball 2-2: Ball 3-2: Foul Ball, location: 2F 3-2: Foul Ball, location: 2F 3-2: Base on Balls
|
Batting: RHB César García
|
0-0: Ball 1-0: Ball 2-0: Fly out, F8 (Flyball, 8RD)
|
Batting: LHB Vernon Hill
|
0-0: Swinging Strike 0-1: Ball 1-1: Ball Passed Ball! Tony Beck to second 2-1: Ball 3-1: Foul Ball, location: 2F 3-2: Foul Ball, location: 2F 3-2: Foul Ball, location: 2F 3-2: Fly out, F6 (Line Drive, 6M)
|
Batting: RHB Kevin Manning
|
0-0: Ball 1-0: Called Strike 1-1: SINGLE (Line Drive, 6MD) Tony Beck to third Runner from 3rd tries for Home, SAFE, throw made home
|
Batting: LHB Joe Storms
|
0-0: Ball 1-0: Fly out, F8 (Flyball, 8LM)
|
Top of the 1st over - 2 run(s), 2 hit(s), 0 error(s), 1 left on base; Tennessee 2 - Michigan State 0 |
BOTTOM OF THE 1ST |
Michigan State Spartans batting - Pitching for Tennessee Volunteers : RHP Vincent Hunter
|
Pitching: RHP Vincent Hunter
|
|
Batting: SHB Joe Emery
|
0-0: Called Strike 0-1: Ball 1-1: Ball 2-1: Ball 3-1: Foul Ball, location: 2F 3-2: Ground out 4-3 (Groundball, 4)
|
Batting: LHB Gabriel Estrada
|
0-0: Ball 1-0: Ball 2-0: Called Strike 2-1: Ball 3-1: Foul Ball, location: 2F 3-2: SOLO HOME RUN (Flyball, 89XD), Distance : 390 ft
|
Batting: LHB Cliff Mills
|
0-0: Ball 1-0: Swinging Strike 1-1: Ball 2-1: Ball 3-1: Foul Ball, location: 2F 3-2: Strikes out swinging
|
Batting: RHB Ryan Nelson
|
0-0: Called Strike 0-1: Ground out 5-3 (Groundball, 56)
|
Bottom of the 1st over - 1 run(s), 1 hit(s), 0 error(s), 0 left on base; Tennessee 2 - Michigan State 1 |
TOP OF THE 2ND |
Tennessee Volunteers batting - Pitching for Michigan State Spartans : RHP Brad Clay
|
Batting: RHB Ralph Fitzgerald
|
0-0: Ground out 6-3 (Groundball, 56)
|
Batting: LHB Miguel Gómez
|
0-0: Ball 1-0: Ball 2-0: Ball 3-0: Foul Ball, location: 2F 3-1: Foul Ball, location: 2F 3-2: Base on Balls
|
Batting: RHB Lorne McClain
|
0-0: Called Strike 0-1: Fly out, F8 (Flyball, 8LM)
|
Batting: RHB Danny Scott
|
0-0: Called Strike 0-1: Called Strike 0-2: Ball 1-2: Foul Ball, location: 2F 1-2: Strikes out looking
|
Top of the 2nd over - 0 run(s), 0 hit(s), 0 error(s), 1 left on base; Tennessee 2 - Michigan State 1 |
BOTTOM OF THE 2ND |
Michigan State Spartans batting - Pitching for Tennessee Volunteers : RHP Vincent Hunter
|
Batting: RHB Ryan Fullerton
|
0-0: Ball 1-0: Foul Ball, location: 2F 1-1: Swinging Strike 1-2: Strikes out swinging
|
Batting: LHB Aaron Aguirre
|
0-0: Ball 1-0: Called Strike 1-1: Ball 2-1: Foul Ball, location: 2F 2-2: Foul Ball, location: 2F 2-2: Strikes out looking
|
Batting: RHB Nelson Wright
|
0-0: Called Strike 0-1: Called Strike 0-2: Foul Ball, location: 2F 0-2: SINGLE (Flyball, 7LM)
|
Batting: RHB Bennett McGee
|
0-0: Ball 1-0: Ball 2-0: Called Strike 2-1: Swinging Strike 2-2: Strikes out looking
|
Bottom of the 2nd over - 0 run(s), 1 hit(s), 0 error(s), 1 left on base; Tennessee 2 - Michigan State 1 |
TOP OF THE 3RD |
Tennessee Volunteers batting - Pitching for Michigan State Spartans : RHP Brad Clay
|
Batting: LHB Tony Beck
|
0-0: Swinging Strike 0-1: Called Strike 0-2: Strikes out swinging
|
Batting: RHB César García
|
0-0: Ball 1-0: Ball 2-0: Swinging Strike 2-1: Ball 3-1: SINGLE (Groundball, 3D)
|
Batting: LHB Vernon Hill
|
0-0: Ball César García is caught stealing 2nd base 1-0: Ball 2-0: Called Strike 2-1: Ball 3-1: Fly out, F8 (Flyball, 8LM)
|
Top of the 3rd over - 0 run(s), 1 hit(s), 0 error(s), 0 left on base; Tennessee 2 - Michigan State 1 |
BOTTOM OF THE 3RD |
Michigan State Spartans batting - Pitching for Tennessee Volunteers : RHP Vincent Hunter
|
Batting: RHB Spike Walters
|
0-0: Called Strike 0-1: Ball 1-1: SINGLE (Groundball, 34D)
|
Batting: SHB Joe Emery
|
0-0: Ball 1-0: Ball 2-0: Ball 3-0: Base on Balls Spike Walters to second
|
Batting: LHB Gabriel Estrada
|
0-0: Ball 1-0: Ball 2-0: Called Strike 2-1: SINGLE (Groundball, 6MD) Spike Walters to third Joe Emery to second Runner from 3rd tries for Home, SAFE, no throw
|
Batting: LHB Cliff Mills
|
0-0: Called Strike 0-1: Ball 1-1: 3-RUN HOME RUN (Flyball, 78XD), Distance : 383 ft
|
Batting: RHB Ryan Nelson
|
0-0: Ball 1-0: Swinging Strike 1-1: Ball 2-1: SINGLE (Groundball, 4MS) (infield hit)
|
Pinch Runner at 1st Bob Jackson:
|
|
Batting: RHB Ryan Fullerton
|
0-0: Called Strike 0-1: Ball Wild Pitch! Bob Jackson to second 1-1: Ball 2-1: Called Strike 2-2: Ball 3-2: Strikes out looking
|
Batting: LHB Aaron Aguirre
|
0-0: Swinging Strike 0-1: Ground out 4-3 (Groundball, 4S) Bob Jackson to third
|
Batting: RHB Nelson Wright
|
0-0: Ball 1-0: Swinging Strike 1-1: Fly out, F8 (Flyball, 8RM)
|
Bottom of the 3rd over - 4 run(s), 4 hit(s), 0 error(s), 1 left on base; Tennessee 2 - Michigan State 5 |
TOP OF THE 4TH |
Tennessee Volunteers batting - Pitching for Michigan State Spartans : RHP Brad Clay
|
Now at 1B: Bob Jackson
|
|
Batting: RHB Kevin Manning
|
0-0: Ball 1-0: SINGLE (Line Drive, 8LS)
|
Batting: LHB Joe Storms
|
0-0: Ball 1-0: Foul Ball, location: 2F 1-1: Called Strike 1-2: Ball 2-2: Strikes out looking
|
Batting: RHB Ralph Fitzgerald
|
0-0: Ball 1-0: Called Strike 1-1: Ball 2-1: Ball 3-1: Foul Ball, location: 2F 3-2: DOUBLE (Flyball, 9LM) Kevin Manning to third Runner from 3rd tries for Home, SAFE, throw made home
|
Batting: LHB Miguel Gómez
|
0-0: Ball 1-0: Ball 2-0: 2-RUN HOME RUN (Flyball, 9LD), Distance : 321 ft
|
Batting: RHB Lorne McClain
|
0-0: Foul Ball, location: 2F 0-1: Swinging Strike 0-2: Ball 1-2: Ground out 6-3 (Groundball, 6)
|
Batting: RHB Danny Scott
|
0-0: Foul Ball, location: 2F 0-1: Called Strike 0-2: Foul Ball, location: 2F 0-2: Ball 1-2: Ball 2-2: Ground out 6-3 (Groundball, 6)
|
Top of the 4th over - 3 run(s), 3 hit(s), 0 error(s), 0 left on base; Tennessee 5 - Michigan State 5 |
BOTTOM OF THE 4TH |
Michigan State Spartans batting - Pitching for Tennessee Volunteers : RHP Vincent Hunter
|
Batting: RHB Bennett McGee
|
0-0: Ball 1-0: Swinging Strike 1-1: Ball 2-1: Foul Ball, location: 2F 2-2: Foul Ball, location: 2F 2-2: Ball 3-2: Fly out, F2 (Popup, 3S)
|
Batting: RHB Spike Walters
|
0-0: Called Strike 0-1: Called Strike 0-2: Ball 1-2: SINGLE (Groundball, 6MD)
|
Batting: SHB Joe Emery
|
0-0: Ball 1-0: Foul Ball, location: 2F 1-1: Ball 2-1: Foul Ball, location: 2F 2-2: Strikes out swinging
|
Pitching: RHP Miguel Muñóz
|
|
Batting: LHB Gabriel Estrada
|
0-0: Foul Ball, location: 2F 0-1: Ball 1-1: Ball 2-1: 2-RUN HOME RUN (Flyball, 89XD), Distance : 370 ft
|
Batting: LHB Cliff Mills
|
0-0: Called Strike 0-1: Called Strike 0-2: Ball 1-2: Ball 2-2: Foul Ball, location: 2F 2-2: Ball 3-2: Foul Ball, location: 2F 3-2: Ground out 4-3 (Groundball, 4M)
|
Bottom of the 4th over - 2 run(s), 2 hit(s), 0 error(s), 0 left on base; Tennessee 5 - Michigan State 7 |
TOP OF THE 5TH |
Tennessee Volunteers batting - Pitching for Michigan State Spartans : RHP Brad Clay
|
Batting: LHB Tony Beck
|
0-0: Ball 1-0: SINGLE (Line Drive, 34D)
|
Pitching: LHP Aaron Cole
|
|
Batting: RHB César García
|
0-0: Ball 1-0: Ball 2-0: Ball 3-0: Called Strike 3-1: Base on Balls Tony Beck to second
|
Batting: LHB Vernon Hill
|
0-0: Called Strike 0-1: SINGLE (Flyball, 8LS) Tony Beck to third César García to second
|
Batting: RHB Kevin Manning
|
0-0: Ball 1-0: Foul Ball, location: 2F 1-1: Ball 2-1: Foul Ball, location: 2F 2-2: Strikes out swinging
|
Batting: LHB Joe Storms
|
0-0: Grounds into double play, 4-6-3 (Groundball, 4)
|
Top of the 5th over - 0 run(s), 2 hit(s), 0 error(s), 2 left on base; Tennessee 5 - Michigan State 7 |
BOTTOM OF THE 5TH |
Michigan State Spartans batting - Pitching for Tennessee Volunteers : RHP Miguel Muñóz
|
Batting: RHB Bob Jackson
|
0-0: SINGLE (Line Drive, 78S)
|
Batting: RHB Ryan Fullerton
|
0-0: Ball 1-0: Swinging Strike 1-1: Ball 2-1: Ball 3-1: Foul Ball, location: 2F 3-2: Strikes out swinging
|
Batting: LHB Aaron Aguirre
|
0-0: Foul Ball, location: 2F 0-1: Foul Ball, location: 2F 0-2: Strikes out swinging
|
Batting: RHB Nelson Wright
|
0-0: Ball 1-0: Ball 2-0: Ball 3-0: Base on Balls Bob Jackson to second
|
Batting: RHB Bennett McGee
|
0-0: Ball 1-0: Called Strike 1-1: Foul Ball, location: 2F 1-2: Foul Ball, location: 2F 1-2: Fly out, F8 (Flyball, 8RM)
|
Bottom of the 5th over - 0 run(s), 1 hit(s), 0 error(s), 2 left on base; Tennessee 5 - Michigan State 7 |
TOP OF THE 6TH |
Tennessee Volunteers batting - Pitching for Michigan State Spartans : LHP Aaron Cole
|
Batting: RHB Ralph Fitzgerald
|
0-0: Ball 1-0: Ball 2-0: Ball 3-0: Called Strike 3-1: Base on Balls
|
Batting: LHB Miguel Gómez
|
0-0: Called Strike 0-1: Ball 1-1: Foul Ball, location: 2F 1-2: Ball 2-2: SINGLE (Groundball, 4) (infield hit) Ralph Fitzgerald to second
|
Batting: RHB Lorne McClain
|
0-0: Ball 1-0: Foul Ball, location: 2F 1-1: Ground out 5-3 (Groundball, 5S) Ralph Fitzgerald to third Miguel Gómez to second
|
Batting: RHB Danny Scott
|
0-0: Called Strike 0-1: Foul Ball, location: 2F 0-2: Foul Ball, location: 2F 0-2: Foul Ball, location: 2F 0-2: Ball 1-2: Fly out, F9 (Flyball, 89M) Runner from 3rd tags up, SCORES, throw made
|
Batting: LHB Tony Beck
|
0-0: Called Strike 0-1: Ball 1-1: Ball 2-1: Foul Ball, location: 2F 2-2: Ball 3-2: SINGLE (Flyball, 8LS) Miguel Gómez to third Miguel Gómez scores
|
Pitching: RHP Dan Clark
|
|
Batting: RHB César García
|
0-0: Called Strike 0-1: Fielders Choice at 2nd, 6-4 (Groundball, 6)
|
Top of the 6th over - 2 run(s), 2 hit(s), 0 error(s), 0 left on base; Tennessee 7 - Michigan State 7 |
BOTTOM OF THE 6TH |
Michigan State Spartans batting - Pitching for Tennessee Volunteers : RHP Miguel Muñóz
|
Batting: RHB Spike Walters
|
0-0: Ball 1-0: Ground out 6-3 (Groundball, 6D)
|
Batting: SHB Joe Emery
|
0-0: Ball 1-0: Foul Ball, location: 2F 1-1: Fly out, F8 (Flyball, 78XD)
|
Batting: LHB Gabriel Estrada
|
0-0: Ball 1-0: Ball 2-0: Ball 3-0: Base on Balls
|
Batting: LHB Cliff Mills
|
0-0: Called Strike 0-1: SINGLE (Groundball, 34D) Gabriel Estrada to second Runner from 2nd tries for 3rd, SAFE, no throw
|
Batting: RHB Bob Jackson
|
0-0: Foul Ball, location: 2F 0-1: Called Strike 0-2: Foul Ball, location: 2F 0-2: Foul Ball, location: 2F 0-2: Strikes out swinging
|
Bottom of the 6th over - 0 run(s), 1 hit(s), 0 error(s), 2 left on base; Tennessee 7 - Michigan State 7 |
TOP OF THE 7TH |
Tennessee Volunteers batting - Pitching for Michigan State Spartans : RHP Dan Clark
|
Batting: LHB Vernon Hill
|
0-0: Ball 1-0: Foul Ball, location: 2F 1-1: Ball 2-1: Foul Ball, location: 2F 2-2: SINGLE (Groundball, 56) (infield hit)
|
Pinch Hitting: RHB Tanner Albert
|
0-0: Called Strike 0-1: Ball 1-1: Ball 2-1: Swinging Strike 2-2: Strikes out swinging
|
Batting: LHB Joe Storms
|
0-0: Ball 1-0: Ball Vernon Hill steals 2nd base 2-0: Swinging Strike 2-1: Called Strike 2-2: Strikes out swinging
|
Batting: RHB Ralph Fitzgerald
|
0-0: Foul Ball, location: 2F 0-1: Foul Ball, location: 2F 0-2: Ball 1-2: Ball 2-2: Ball 3-2: Foul Ball, location: 2F 3-2: Foul Ball, location: 2F 3-2: Foul Ball, location: 2F 3-2: Base on Balls
|
Batting: LHB Miguel Gómez
|
0-0: Ball 1-0: Called Strike 1-1: Foul Ball, location: 2F 1-2: Strikes out swinging
|
Top of the 7th over - 0 run(s), 1 hit(s), 0 error(s), 2 left on base; Tennessee 7 - Michigan State 7 |
BOTTOM OF THE 7TH |
Michigan State Spartans batting - Pitching for Tennessee Volunteers : RHP Miguel Muñóz
|
Now at 1B: Tanner Albert
|
|
Batting: RHB Ryan Fullerton
|
0-0: Ball 1-0: Foul Ball, location: 2F 1-1: Foul Ball, location: 2F 1-2: Fly out, F8 (Flyball, 8LM)
|
Pitching: LHP Tony Féliz
|
|
Batting: LHB Aaron Aguirre
|
0-0: Ball 1-0: Swinging Strike 1-1: Fly out, F7 (Flyball, 7)
|
Pitching: RHP José Vielmas
|
|
Batting: RHB Nelson Wright
|
0-0: Foul Ball, location: 2F 0-1: Ball 1-1: Ball 2-1: Swinging Strike 2-2: Ball 3-2: Base on Balls
|
Batting: RHB Bennett McGee
|
0-0: Called Strike 0-1: Called Strike 0-2: Ball 1-2: DOUBLE (Line Drive, 8RD) Nelson Wright to third Runner from 3rd tries for Home, SAFE, no throw
|
Batting: RHB Spike Walters
|
0-0: Ball 1-0: Ball 2-0: Called Strike 2-1: Ball 3-1: Base on Balls
|
Batting: SHB Joe Emery
|
0-0: Called Strike 0-1: Ball 1-1: Ball 2-1: Foul Ball, location: 2F 2-2: 3-RUN HOME RUN (Flyball, 9D), Distance : 371 ft
|
Pitching: RHP Bob Bowman
|
|
Batting: LHB Gabriel Estrada
|
0-0: Ball 1-0: Swinging Strike 1-1: Ball 2-1: Foul Ball, location: 2F 2-2: Ball 3-2: Base on Balls
|
Batting: LHB Cliff Mills
|
0-0: Ball 1-0: Called Strike 1-1: Ball 2-1: Ball 3-1: Foul Ball, location: 2F 3-2: Strikes out swinging
|
Bottom of the 7th over - 4 run(s), 2 hit(s), 0 error(s), 1 left on base; Tennessee 7 - Michigan State 11 |
TOP OF THE 8TH |
Tennessee Volunteers batting - Pitching for Michigan State Spartans : RHP Dan Clark
|
Batting: RHB Lorne McClain
|
0-0: Ball 1-0: Fly out, F7 (Flyball, 7)
|
Batting: RHB Danny Scott
|
0-0: Ball 1-0: Ball 2-0: Foul Ball, location: 2F 2-1: Fly out, F6 (Line Drive, 6M)
|
Batting: LHB Tony Beck
|
0-0: Ball 1-0: Called Strike 1-1: Foul Ball, location: 2F 1-2: Foul Ball, location: 2F 1-2: Foul Ball, location: 2F 1-2: Ball 2-2: Fly out, F4 (Popup, 4D)
|
Top of the 8th over - 0 run(s), 0 hit(s), 0 error(s), 0 left on base; Tennessee 7 - Michigan State 11 |
BOTTOM OF THE 8TH |
Michigan State Spartans batting - Pitching for Tennessee Volunteers : RHP Bob Bowman
|
Batting: RHB Bob Jackson
|
0-0: Called Strike 0-1: Ball 1-1: Ball 2-1: Foul Ball, location: 2F 2-2: Foul Ball, location: 2F 2-2: Ball 3-2: Foul Ball, location: 2F 3-2: Base on Balls
|
Batting: RHB Ryan Fullerton
|
0-0: Foul Ball, location: 2F 0-1: Fielders Choice at 2nd, 1-6 (Groundball, 13S)
|
Batting: LHB Aaron Aguirre
|
0-0: Called Strike 0-1: Swinging Strike 0-2: Foul Ball, location: 2F 0-2: Fly out, F9 (Flyball, 9S)
|
Batting: RHB Nelson Wright
|
0-0: Ball 1-0: Ball Ryan Fullerton is caught stealing 2nd base
|
Bottom of the 8th over - 0 run(s), 0 hit(s), 0 error(s), 0 left on base; Tennessee 7 - Michigan State 11 |
TOP OF THE 9TH |
Tennessee Volunteers batting - Pitching for Michigan State Spartans : RHP Dan Clark
|
Batting: RHB César García
|
0-0: Ball 1-0: Foul Ball, location: 2F 1-1: Ball 2-1: Ball 3-1: Fly out, F7 (Flyball, 7)
|
Pitching: RHP Jesús Fabián
|
|
Batting: LHB Vernon Hill
|
0-0: Foul Ball, location: 2F 0-1: Foul Ball, location: 2F 0-2: Ball 1-2: SOLO HOME RUN (Flyball, 9D), Distance : 360 ft
|
Batting: RHB Tanner Albert
|
0-0: Ball 1-0: Ball 2-0: Called Strike 2-1: Ball 3-1: Base on Balls
|
Pitching: LHP David Page
|
|
Batting: LHB Joe Storms
|
0-0: SINGLE (Groundball, 56D) Tanner Albert to second
|
Batting: RHB Ralph Fitzgerald
|
0-0: Foul Ball, location: 2F 0-1: Ball 1-1: Called Strike 1-2: Strikes out swinging
|
Batting: LHB Miguel Gómez
|
0-0: Ball 1-0: Ball 2-0: Foul Ball, location: 2F 2-1: Ball 3-1: Foul Ball, location: 2F 3-2: Fly out, F9 (Flyball, 9LM)
|
Top of the 9th over - 1 run(s), 2 hit(s), 0 error(s), 2 left on base; Tennessee 8 - Michigan State 11 |
|